 Dungeon Sprint DCSS version 0.26-a0-180-ge96aa7da28 (webtiles) character file.

Game seed: 7456396671882297515

3255 Apogee the Severer (level 10, -20/96 HPs)
             Began as a Hill Orc Fighter on July 3, 2020.
             Was a High Priest of Qazlal.
             Demolished by a frost giant
             ... wielding a +2 battleaxe of freezing
              (22 damage)
             ... in the Dungeon (Sprint V: "Ziggurat Sprint").
             The game lasted 00:08:40 (781 turns).

Apogee the Severer (Hill Orc Fighter)                Turns: 781, Time: 00:08:41

Health: -20/96     AC: 31    Str: 29    XL:     10   Next: 0%
Magic:  3/16       EV:  8    Int:  8    God:    Qazlal [*****.]
Gold:   0          SH: 16    Dex: 10    Spells: 9/9 levels left

rFire    . . .     SeeInvis .   p - +5 broad axe
rCold    + . .     Faith    .   m - +3 buckler
rNeg     . . .     Spirit   .   O - +15 Maxwell's patent armour {-Cast -Tele rElec MR+ rCorr}
rPois    .         Reflect  .   (no helmet)
rElec    +         Harm     .   U - +0 cloak {MR+}
rCorr    +         NoTele   +   (no gloves)
MR       ++...     NoCast   +   (no boots)
Stlth    ..........             (no amulet)
HPRegen  0.26/turn              J - +6 ring of strength
MPRegen  0.15/turn              X - +4 ring of slaying

@: protected from cold, studying 2 skills, repel missiles
A: no striking features
a: Upheaval, Elemental Force, Disaster Area, Renounce Religion


You were in the Dungeon.
You worshipped Qazlal.
Qazlal was extremely pleased with you.
You were not hungry.

You visited 1 branch

Inventory:

Hand Weapons
 a - a +0 war axe
 p - a +5 broad axe (weapon)
 L - the +6 Majin-Bo {vamp, Archmagi MP+6 Int+6}
   (You found it in the Dungeon)

   It inflicts no extra harm, but heals its wielder when it wounds a living foe.
   It affects your intelligence (+6).
   It affects your magic capacity (+6).
 M - the +9 heavy crossbow "Sniper" {vorpal, Acc+∞ SInv}
   (You found it in the Dungeon)

   Any bolt fired from it inflicts extra damage.
   It lets you see invisible.
 N - the +10 dark maul {vorpal}
   (You found it in the Dungeon)

   It inflicts extra damage upon your enemies.
 Q - the cursed +14 obsidian axe {vorpal, +Fly SInv *Curse}
   (You found it in the Dungeon)

   It inflicts extra damage upon your enemies.
   It lets you see invisible.
   It lets you fly.
   It curses itself when equipped.
   It has a curse placed upon it.
 W - a +0 vorpal broad axe
Armour
 b - a +0 scale mail
 c - a +0 kite shield
 l - a +5 crystal plate armour
 m - a +3 buckler (worn)
 n - a +3 kite shield
 o - a +3 tower shield
 O - the +15 Maxwell's patent armour (worn) {-Cast -Tele rElec MR+ rCorr}
   (You found it in the Dungeon)

   It insulates you from electricity.
   It affects your resistance to hostile enchantments.
   It prevents spellcasting.
   It prevents most forms of teleportation.
   It provides partial protection from all sources of acid and corrosion.
 P - the +18 shield of the Gong {rElec rN+ MR+ EV-5}
   (You found it in the Dungeon)

   It affects your evasion (-5).
   It insulates you from electricity.
   It protects you from negative energy.
   It affects your resistance to hostile enchantments.
 R - the cursed +1 scale mail of Restlessness {rN+ Int+5}
   (You found it in the Dungeon)

   It affects your intelligence (+5).
   It protects you from negative energy.
   It has a curse placed upon it.
 U - a +0 cloak of magic resistance (worn)
 Y - the +4 plate armour of the Kettle-Drum {+Fly rPois rF+ Str+3}
   (You found it in the Dungeon)

   It affects your strength (+3).
   It protects you from fire.
   It protects you from poison.
   It lets you fly.
Jewellery
 E - an uncursed ring of flight
 F - a +6 ring of dexterity
 G - a +6 ring of dexterity
 H - a +6 ring of intelligence
 I - a +6 ring of intelligence
 J - a +6 ring of strength (left hand)
 K - a +6 ring of strength
 X - a +4 ring of slaying (right hand)
Wands
 y - a wand of disintegration (7)
 C - a wand of iceblast (4)
 D - a wand of acid (6)
Scrolls
 k - 4 scrolls of blinking {!r}
 q - 4 scrolls of amnesia
 r - 7 scrolls of fog
 s - a scroll of holy word
 t - 5 scrolls of identify
 u - 5 scrolls of remove curse
 v - 2 scrolls of fear
 T - 4 scrolls of enchant weapon
Potions
 d - 6 potions of might
 e - 10 potions of curing
 g - 10 potions of heal wounds
 h - 6 potions of haste
 i - 7 potions of magic
 j - 3 potions of berserk rage {!q}
 w - 2 potions of brilliance
 x - 2 potions of invisibility
 z - 4 potions of resistance
 B - 5 potions of stabbing
Books
 S - a manual of Stealth
 V - a manual of Axes
Miscellaneous
 A - a phantom mirror
Comestibles
 f - 7 rations


   Skills:
 - Level 11.2 Fighting
 - Level 18.0 Axes
 - Level 10.3 Armour
 + Level 13.1 Shields
 - Level 8.0 Invocations


You had 9 spell levels left.
You didn't know any spells.
Your spell library contained the following spells:

 Spells                   Type           Power        Failure   Level  Hunger
 Cause Fear               Hex            #.........   100%        4    #####..
 Silence                  Hex/Air        #.........   100%        5    ######.
 Yara's Violent Unravell  Hex/Tmut       #.........   100%        5    ######.
 Discord                  Hex            #.........   100%        8    #######


Dungeon Overview and Level Annotations

Branches:
Dungeon (1/1)

Altars:
Ashenzari
Cheibriados
Dithmenos
Elyvilon
Fedhas
Gozag
Hepliaklqana
Kikubaaqudgha
Makhleb
Nemelex Xobeh
Okawaru
Qazlal
Ru
Sif Muna
Trog
Uskayaw
Vehumet
Wu Jian
Xom
Yredelemnul
Zin
The Shining One
Beogh
Jiyva
Lugonu

Annotations:
D 1 transporter


Message History

You barely miss the yaktaur. You slash the vault warden!
You slash the vault guard! x2; You block the vault guard's attack.
The vault guard hits you but does no damage.
You block the frost giant's attack.
Unknown command.
You slice the frost giant!!
The frost giant is severely wounded.
Your Maxwell's patent armour prevents you from hitting the yaktaur.
The vault warden blocks your attack.
You hit the vault guard but do no damage. x2
You block the yaktaur's attack. You block the vault warden's attack.
Unknown command.
Okay, then.
You slash the frost giant!
The frost giant is severely wounded.
You slice the vault guard!! You slash the vault guard!
The vault warden blocks your attack.
You hit the yaktaur. The vault guard completely misses you.
You block the vault guard's attack.
The frost giant hits you with a +2 battleaxe of freezing!!
You die...

▓...©†...▓...©....▓
▓▓▓▓▓▓▓▓▓▓▓▓▓▓▓▓▓▓▓
▓...8©8...▓..8©8..▓
▓..=).....▓..)....▓
▓...:)"...▓..)}|..▓
▓...).....▓.......▓
▓....§....▓.......▓
▓...Cc....▓.......▓
▓..p@pc...▓.......▓
▓.▓.(p..▓.▓.▓..)▓)▓
▓....§....▓...©)..▓
▓▓▓▓▓▓▓▓▓▓▓▓▓▓▓▓▓▓▓
▓..8©8..▓ ▓..[}...▓
▓..|))..▓ ▓.......▓
▓.......▓


You could see a frost giant (soul bound), a vault warden (soul bound), 2 vault
guards and 2 yaktaurs.

Vanquished Creatures
  A necromancer (D)
  2 naga magi (D)
  2 jumping spiders (D)
  A flying skull (D)
  2 tarantellas (D)
  An ushabti (D)
  2 golden eyes (D)
  A naga (D)
  3 water moccasins (D)
  A phantom (D)
  4 scorpions (D)
  4 wights (D)
  A mummy (D)
  3 adders (D)
  An adder skeleton (D)
  A giant cockroach zombie (D)
  A quokka zombie (D)
31 creatures vanquished.

Notes
Turn   | Place    | Note
-------+----------+-------------------------------------------
     0 | D        | Apogee the Hill Orc Fighter began the quest for the Orb.
     0 | D        | Reached XP level 1. HP: 19/19 MP: 1/1
     3 | D        | Found a blossoming altar of Fedhas.
     4 | D        | Found the +6 Majin-Bo {vamp, Archmagi MP+6 Int+6}
     4 | D        | Found the +7 great mace "Firestarter" {inner flame, rF++}
     5 | D        | Found a viscous altar of Jiyva.
     5 | D        | Found a hazy altar of Hepliaklqana.
     5 | D        | Found a transporter.
     5 | D        | Found an opulent altar of Gozag.
     5 | D        | Found an ancient bone altar of Kikubaaqudgha.
     5 | D        | Found a corrupted altar of Lugonu.
     9 | D        | Found a burning altar of Makhleb.
    10 | D        | Found a sacrificial altar of Ru.
    10 | D        | Found a stormy altar of Qazlal.
    10 | D        | Found a shimmering blue altar of Sif Muna.
    10 | D        | Found an iron altar of Okawaru.
    10 | D        | Found a bloodstained altar of Trog.
    10 | D        | Found a sparkling altar of Nemelex Xobeh.
    28 | D        | Found the +9 heavy crossbow "Sniper" {vorpal, Acc+∞ SInv}
    28 | D        | Found the +10 dark maul {vorpal}
    28 | D        | Found the +15 Maxwell's patent armour {-Cast -Tele rElec
                  | MR+ rCorr}
    28 | D        | Found the +18 shield of the Gong {rElec rN+ MR+ EV-5}
    28 | D        | Found the cursed +14 obsidian axe {vorpal, +Fly SInv
                  | *Curse}
    33 | D        | Became a worshipper of Qazlal Stormbringer
    36 | D        | Reached skill level 10 in Axes
    36 | D        | Reached XP level 2. HP: 26/26 MP: 2/2
    64 | D        | Entered arena 2.
    64 | D        | Noticed a golden eye
    64 | D        | Noticed a golden eye
    64 | D        | Found a transporter.
    96 | D        | Killed a golden eye
    96 | D        | Reached skill level 11 in Axes
    96 | D        | Reached skill level 5 in Armour
    96 | D        | Reached skill level 5 in Shields
    96 | D        | Reached XP level 3. HP: 37/37 MP: 3/3
    96 | D        | Reached XP level 4. HP: 44/44 MP: 4/4
    96 | D        | Reached XP level 5. HP: 50/50 MP: 5/5
   276 | D        | Killed a golden eye
   276 | D        | Reached skill level 12 in Axes
   276 | D        | Reached XP level 6. HP: 60/60 MP: 6/6
   319 | D        | Entered arena 3.
   319 | D        | Found a transporter.
   324 | D        | Reached * piety under Qazlal
   337 | D        | Entered arena 4.
   337 | D        | Noticed a tarantella
   337 | D        | Found a transporter.
   341 | D        | Killed a tarantella
   341 | D        | Reached ** piety under Qazlal
   341 | D        | Reached XP level 7. HP: 69/69 MP: 7/7
   347 | D        | Reached skill level 13 in Axes
   361 | D        | Entered arena 5.
   361 | D        | Noticed a jumping spider
   361 | D        | Noticed a jumping spider
   361 | D        | Noticed a tarantella
   361 | D        | Found a transporter.
   365 | D        | Reached *** piety under Qazlal
   368 | D        | Killed a tarantella
   369 | D        | Killed a jumping spider
   369 | D        | Reached skill level 10 in Fighting
   369 | D        | Reached XP level 8. HP: 46/79 MP: 8/8
   375 | D        | Killed a jumping spider
   375 | D        | Reached skill level 14 in Axes
   517 | D        | Entered arena 6.
   517 | D        | Noticed an ushabti
   517 | D        | Noticed a flying skull
   517 | D        | Found a transporter.
   519 | D        | Killed a flying skull
   519 | D        | Reached **** piety under Qazlal
   519 | D        | Reached skill level 10 in Armour
   519 | D        | Reached skill level 10 in Shields
   529 | D        | Killed an ushabti
   542 | D        | Entered arena 7.
   549 | D        | Reached ***** piety under Qazlal
   549 | D        | Reached skill level 1 in Invocations
   552 | D        | Reached XP level 9. HP: 86/89 MP: 8/10
   554 | D        | Reached skill level 15 in Axes
   555 | D        | Found a transporter.
   570 | D        | Got the cursed +1 scale mail of Restlessness {rN+ Int+5}
   578 | D        | Entered arena 8.
   578 | D        | Noticed a naga mage
   578 | D        | Noticed a naga mage
   588 | D        | Found a transporter.
   590 | D        | Killed a naga mage
   590 | D        | Reached skill level 16 in Axes
   591 | D        | Killed a naga mage
   591 | D        | Reached skill level 17 in Axes
   608 | D        | Got the +4 plate armour of the Kettle-Drum {+Fly rPois rF+
                  | Str+3}
   771 | D        | Entered arena 9.
   771 | D        | Noticed a necromancer
   771 | D        | Noticed a vault guard
   771 | D        | Noticed a yaktaur
   771 | D        | Noticed a yaktaur
   771 | D        | Noticed a frost giant
   771 | D        | Noticed a vault guard
   771 | D        | Noticed a vault warden
   772 | D        | Identified the +4 morningstar "Rirghise" {venom, rPois MR+
                  | Dex-3}
   774 | D        | Found a transporter.
   775 | D        | Killed a necromancer
   775 | D        | Reached skill level 18 in Axes
   775 | D        | Reached XP level 10. HP: 38/96 MP: 9/16
   778 | D        | HP: 1/96 [frost giant/bolt of cold (33)]
   781 | D        | Demolished by a frost giant

Illustrated notes

Levels and vault maps discovered:
D:        sprint_v [room_start, room_1, room_2, room_3, room_4, room_5, room_6,
          room_7, room_8, room_9, room_10, room_11, room_12, room_13, room_14,
          room_15, room_16, room_17, room_18, room_19, room_20, room_21,
          room_22, room_23, room_24, room_25, room_26, room_27]

Skill      XL: |  1  2  3  4  5  6  7  8  9 |
---------------+----------------------------+-----
Axes           | 10 11 12 13 14 18 | 18.0
Fighting       | 6 7 8 10 11 | 11.2
Armour         | 5 6 7 9 10 | 10.3
Shields        | 5 6 7 9 10 13 | 13.1
Invocations    | 2 8 |  8.0

Action                   |  1- 3 |  4- 6 |  7- 9 | 10-12 || total
-------------------------+-------+-------+-------+-------++-------
Melee: War axe           |    12 |    48 |     6 |       ||    66
       Broad axe         |       |       |    48 |     5 ||    53
Invok: Disaster Area     |       |       |     1 |     1 ||     2
       Elemental Force   |       |       |     1 |       ||     1
Evoke: Wand              |       |     1 |     3 |       ||     4
  Use: Potion            |     1 |       |       |       ||     1
Armor: Plate armour      |       |     3 |    21 |     1 ||    25
Dodge: Dodged            |       |     6 |    11 |     2 ||    19
Block: Buckler           |       |     3 |    26 |    10 ||    39

Table legend:
 A = Non-vault XP
 B = Vault XP
 C = Vault XP percentage of total XP
 D = Non-vault monster count
 E = Vault monster count
 F = Vault count percentage of total count
                 A         B        C        D         E       F
            +---------+---------+-------+---------+---------+-------
      Total |       0 |    4640 | 100.0 |       0 |      31 | 100.0
            +---------+---------+-------+---------+---------+-------
          D |       0 |    4640 | 100.0 |       0 |      31 | 100.0
            +---------+---------+-------+---------+---------+-------
